 Dungeon Crawl Stone Soup version 0.29-a0-234-g0dae59b3db (webtiles) character file.

Game seed: 3758187154006922468

3756 sammy202020 the Skirmisher (level 9, -2/74 HPs)
             Began as a Demonspawn Berserker on Mar 2, 2022.
             Was a Priest of Trog.
             Killed by divine providence
             ... invoked by an orc priest
              (11 damage)
             ... on level 7 of the Dungeon on Mar 3, 2022.
             The game lasted 00:17:07 (9100 turns).

sammy202020 the Skirmisher (Demonspawn Berserker)   Turns: 9100, Time: 00:17:08

Health: -2/74      AC: 15    Str: 21    XL:     9   Next: 94%
Magic:  9/9        EV: 11    Int:  8    God:    Trog [***...]
Gold:   489        SH:  4    Dex: 16    Spells: 8/8 levels left

rFire   . . .      SeeInvis .   p - +4 quarterstaff (chaos)
rCold   . . .      Faith    .   (shield currently unavailable)
rNeg    . . .      Spirit   .   y - +0 chain mail
rPois   .          Reflect  .   B - +0 helmet
rElec   .          Harm     .   q - +2 cloak
rCorr   +          Rampage  .   (no gloves)
Will    .....                   (no boots)
Stlth   ..........              (no amulet)
HPRegen 0.22/turn               f - ring of resist corrosion
MPRegen 0.11/turn               (no ring)

@: no status effects
A: demonic guardian 1, ignite blood 3, demonic touch 1, large bone plates 1,
thin skeletal structure 1
a: Renounce Religion, Berserk, Trog's Hand


You were on level 7 of the Dungeon.
You worshipped Trog.
Trog was most pleased with you.
You visited 1 branch of the dungeon, and saw 8 of its levels.

You collected 489 gold pieces.

Inventory:

Hand Weapons
 a - a +0 spear of flaming
 g - a +0 scythe
 p - a +4 quarterstaff of chaos (weapon)
Armour
 k - a +0 ring mail
 q - a +2 cloak (worn)
 y - a +0 chain mail (worn)
 B - a +0 helmet (worn)
Jewellery
 f - a ring of resist corrosion (left hand)
 o - an amulet of magic regeneration
 x - an amulet of magic regeneration
Wands
 i - a wand of flame (36)
 r - a wand of polymorph (8)
 v - a wand of acid (6)
Scrolls
 b - a scroll of identify
 c - a scroll of teleportation
 e - a scroll of magic mapping
 h - 2 scrolls of noise
 s - 4 scrolls of blinking
 t - 3 scrolls of amnesia
 C - a scroll of enchant armour
Potions
 d - a potion of attraction
 j - a potion of haste
 l - a potion of might
 m - 5 potions of degeneration
 n - 2 potions of ambrosia
 u - a potion of berserk rage
 w - a potion of magic
 z - a potion of mutation
 A - a potion of resistance


   Skills:
 + Level 7.8 Fighting
 + Level 7.1 Polearms
 + Level 6.7 Armour
 + Level 6.7 Dodging


You had 8 spell levels left.
You didn't know any spells.
Your spell library was empty.

Dungeon Overview and Level Annotations

Branches:
Dungeon (8/15)             Temple (0/1) D:6
   Lair: D:8-11

Altars:
Gozag
Uskayaw

Shops:
D:2 (


Innate Abilities, Weirdness & Mutations

A weak demonic guardian rushes to your aid.
Your demonic aura causes all spilled blood to erupt in flames.
Your touch may inflict minor irresistible damage on your foes.
You are partially covered in large bone plates. (SH +4)
You have a somewhat thin skeletal structure. (Dex +2, Stealth+)


Message History

The orc warrior hits you from afar with a +0 halberd!!
* * * LOW HITPOINT WARNING * * *
Your white imp closely misses the orc warrior.
The orc warrior hits your white imp with a +0 halberd!!
Your white imp dies!
Your white imp disappears in a puff of smoke!
You start resting.
An orc warrior is nearby!
The orc warrior hits you with a +0 halberd.
* * * LOW HITPOINT WARNING * * *
A demonic guardian appears!
You hit the orc warrior.
The orc warrior is lightly wounded.
The orc warrior is engulfed in blazing flames.
The orc warrior hits you but does no damage.
You sock the orc warrior!
The orc warrior is poisoned.
The orc warrior is almost dead.
The orc warrior is engulfed in blazing flames.
You kill the orc warrior!
Trog accepts your kill.
The orc priest looks braver for a moment.
The orc hits you with a +0 war axe.
* * * LOW HITPOINT WARNING * * *
The orc priest hits you with a +0 dagger.
* * * LOW HITPOINT WARNING * * *
Things that are here:
a +0 halberd; a +0 plate armour; an orc corpse You swap places.
The orc hits your white imp with a +0 war axe!
The orc priest hits your white imp with a +0 dagger.
Your white imp closely misses the orc priest.
The orc hits your white imp with a +0 war axe.
Your white imp dies!
Your white imp disappears in a puff of smoke!
The orc priest mumbles some strange prayers to Beogh against you.
Pain shoots through your body!
* * * LOW HITPOINT WARNING * * *
The orc priest invokes the aid of Beogh against you.
Beogh smites you!
You die...

#.##..#
#.....# #.<.#
.......#.#
########.#
#.# #o#
###########o#
.........@°o#
#############


You could see an orc priest and an orc.

Vanquished Creatures
  Pikel (D:4)
  The ghost of pokeman the Thaumaturge, a novice DEWz (D:5)
  Grinder (D:5)
  Prince Ribbit (D:5)
  Sigmund (D:5)
  A yak (D:5)
  Eustachio (D:4)
  A steam dragon (D:7)
  Menkaure (D:4)
  A swamp worm (shapeshifter) (D:5)
  2 water moccasins
  3 ice beasts
  An orc warrior (D:7)
  2 ogres (D:5)
  A phantom (D:6)
  2 bullfrogs (D:6)
  3 scorpions
  Blork the orc (D:5)
  A necrophage (D:5)
  2 howler monkeys
  3 hounds
  An orc priest (D:3)
  Crazy Yiuf (D:2)
  A jelly (D:6)
  Ijyb (D:4)
  2 iguanas (D:5)
  3 orc wizards
  8 adders
  A shadow imp (D:6)
  3 worms
  4 dart slugs
  15 orcs
  8 ball pythons
  4 bats (D:1)
  4 endoplasms (D:2)
  5 giant cockroaches
  7 goblins
  8 hobgoblins
  2 jackals (D:1)
  6 quokkas
  4 frilled lizards
  10 kobolds
  6 rats
135 creatures vanquished.

Vanquished Creatures (collateral kills)
  A phantom (D:5)
  An orc (D:4)
2 creatures vanquished.

Vanquished Creatures (others)
  A hound (D:5)
  A plant (D:6)
2 creatures vanquished.

Grand Total: 139 creatures vanquished

Notes
Turn   | Place    | Note
-------+----------+-------------------------------------------
     0 | D:1      | sammy202020 the Demonspawn Berserker began the quest for
                  | the Orb.
     0 | D:1      | Reached XP level 1. HP: 18/18 MP: 1/1
     6 | D:1      | Noticed a swamp drake
     6 | D:1      | Noticed a black bear
     6 | D:1      | Noticed a hound
   175 | D:1      | Gained mutation: Your demonic aura sometimes causes spilled
                  | blood to erupt in flames. [demonic ancestry]
   175 | D:1      | Reached XP level 2. HP: 19/24 MP: 2/2
   690 | D:1      | Reached ** piety under Trog
   752 | D:1      | Gained mutation: Your demonic aura often causes spilled
                  | blood to erupt in flames. [demonic ancestry]
   752 | D:1      | Reached XP level 3. HP: 6/29 MP: 3/3
  2018 | D:2      | Found Harax's Antique Weapon Shop.
  2376 | D:2      | Found a runed translucent door.
  2377 | D:2      | Noticed Crazy Yiuf
  2863 | D:2      | Found a faded altar of an unknown god.
  2961 | D:2      | Gained mutation: A weak demonic guardian rushes to your
                  | aid. [demonic ancestry]
  2961 | D:2      | Reached XP level 4. HP: 35/35 MP: 4/4
  3540 | D:2      | Killed Crazy Yiuf
  3941 | D:3      | Gained mutation: Your touch may inflict minor irresistible
                  | damage on your foes. [demonic ancestry]
  3941 | D:3      | Reached XP level 5. HP: 42/42 MP: 5/5
  4737 | D:4      | Noticed Eustachio
  4754 | D:4      | Killed Eustachio
  4755 | D:4      | Reached XP level 6. HP: 30/49 MP: 6/6
  5097 | D:4      | Noticed Menkaure
  5097 | D:4      | Noticed Pikel
  5102 | D:4      | Killed Pikel
  5103 | D:4      | Reached skill level 5 in Fighting
  5103 | D:4      | Gained mutation: Your demonic aura causes all spilled blood
                  | to erupt in flames. [demonic ancestry]
  5103 | D:4      | Reached XP level 7. HP: 29/56 MP: 7/7
  5110 | D:4      | Killed Menkaure
  5801 | D:4      | Noticed Ijyb
  5801 | D:4      | Paralysed by Ijyb for 6 turns
  5815 | D:4      | Killed Ijyb
  5816 | D:4      | Reached skill level 5 in Polearms
  5816 | D:4      | Reached XP level 8. HP: 10/63 MP: 8/8
  5818 | D:4      | HP: 4/94 [poisoned by Ijyb]
  5820 | D:4      | HP: 1/63 [poisoned by Ijyb]
  6215 | D:5      | Entered Level 5 of the Dungeon
  6215 | D:5      | Noticed Blork the orc
  6220 | D:5      | Killed Blork the orc
  6455 | D:5      | Noticed a glowing shapeshifter
  6455 | D:5      | a scorpion changed into a glowing shapeshifter
  6455 | D:5      | Noticed a dream sheep
  6455 | D:5      | a glowing shapeshifter changed into a dream sheep
  6456 | D:5      | a dream sheep changed into a swamp worm
  6782 | D:5      | Reached *** piety under Trog
  6832 | D:5      | Found an opulent altar of Gozag.
  6833 | D:5      | Found a hide-covered altar of Uskayaw.
  6834 | D:5      | Noticed Grinder
  6865 | D:5      | Paralysed by Grinder for 2 turns
  6882 | D:5      | Killed Grinder
  6883 | D:5      | Reached skill level 5 in Armour
  6883 | D:5      | Reached skill level 5 in Dodging
  7413 | D:5      | Noticed Sigmund
  7420 | D:5      | Killed Sigmund
  7421 | D:5      | Reached XP level 9. HP: 45/71 MP: 9/9
  7610 | D:5      | Found a runed translucent gate.
  7610 | D:5      | Found a runed translucent gate.
  7610 | D:5      | Found a runed translucent gate.
  7612 | D:5      | Found an opulent altar of Gozag.
  7642 | D:5      | Noticed pokeman's ghost (novice DEWz)
  7691 | D:5      | Killed pokeman's ghost
  7968 | D:5      | Noticed Prince Ribbit
  7976 | D:5      | Killed Prince Ribbit
  8416 | D:6      | Found a staircase to the Ecumenical Temple.
  8455 | D:6      | Gained mutation: You are partially covered in large bone
                  | plates. (SH +4) [potion of mutation]
  8455 | D:6      | Gained mutation: You have a somewhat thin skeletal
                  | structure. (Dex +2, Stealth+) [potion of mutation]
  8519 | D:6      | You fall into a shaft and drop 2 floors!
  9100 | D:7      | Killed from afar by an orc priest

Illustrated notes

Levels and vault maps discovered:
D:1:      onia_arrival_zoo_common, layout_basic, minmay_quantized
D:2:      layout_basic, ebering_ecumenical_altar_mist, serial_shops,
          nicolae_shop_hallway_stairs, minmay_tromino_v4_b,
          uniq_crazy_yiuf_cottage
D:3:      layout_basic
D:4:      layout_loops_ring, uniq_eustachio, uniq_ijyb, uniq_menkaure,
          uniq_pikel
D:5:      layout_gridville, jmf_multi_god_temple, ebering_ghost_gozag,
          minmay_joined_circles, uniq_sigmund, uniq_blork_the_orc,
          uniq_prince_ribbit1, uniq_grinder
D:6:      layout_loops_ring, minmay_temple_entry_gardened_gates, serial_glass,
          glass_columns_a, glass_columns_a
D:7:      layout_basic
D:8:      layout_loops_cross, kennysheep_mini, okawaru_trees_1, minmay_holes,
          solitary_fountain

Skill      XL: |  1  2  3  4  5  6  7  8  9 |
---------------+----------------------------+-----
Armour         | 2 3 4 5 6 |  6.7
Dodging        | 2 3 4 5 6 |  6.7
Polearms       | 3 4 5 6 7 |  7.1
Fighting       | 4 5 6 7 |  7.8

Action                   |  1- 3 |  4- 6 |  7- 9 || total
-------------------------+-------+-------+-------++-------
Melee: Spear             |   149 |    37 |       ||   186
       Quarterstaff      |       |    41 |   212 ||   253
Invok: Berserk           |       |     1 |     2 ||     3
       Trog's Hand       |       |     1 |       ||     1
  Use: Scroll            |       |    13 |     9 ||    22
       Potion            |       |       |     2 ||     2
 Stab: Sleeping          |     3 |       |       ||     3
       Distracted        |       |       |     1 ||     1
Armor: Animal skin       |     7 |       |       ||     7
       Ring mail         |     4 |    13 |    23 ||    40
       Chain mail        |       |       |    85 ||    85
Dodge: Dodged            |    72 |    32 |    87 ||   191
Block: Other             |       |       |     5 ||     5

Table legend: (Time is in decaauts)
 A = Elapsed time spent in this place.
 B = Non-inter-level travel time spent in this place.
 C = Inter-level travel time spent in this place.
 D = Time resting spent in this place.
 E = Time spent auto-exploring this place.
 F = Levels seen in this place.
 G = Mean time per level.
                   A        B        C        D        E       F      G
               +--------+--------+--------+--------+--------+-----+--------+
         Total |   9149 |   8610 |    539 |   1333 |   5757 |   8 | 1143.6 |
       Dungeon |   9149 |   8610 |    539 |   1333 |   5757 |   8 | 1143.6 |
               +--------+--------+--------+--------+--------+-----+--------+

Top non-repeatable levels by time:
     D:5: 2063 daAuts
     D:1: 2012 daAuts
     D:2: 1602 daAuts
     D:4: 1497 daAuts
     D:3: 1121 daAuts
     D:6: 785 daAuts
     D:7: 57 daAuts
     D:8: 8 daAuts
